 Dungeon Crawl Stone Soup version 0.29-a0-322-g68df515428 (webtiles) character file.

Game seed: 17057854977949273677

10 zishaf the Sneak (level 2, -1/15 HPs)
             Began as a Kobold Enchanter on Apr 5, 2022.
             Slain by a jackal (3 damage)
             ... on level 1 of the Dungeon.
             The game lasted 00:00:53 (284 turns).

zishaf the Sneak (Kobold Enchanter)                  Turns: 284, Time: 00:00:54

Health: -1/15      AC:  2    Str:  5    XL:     2   Next: 30%
Magic:  5/5        EV: 15    Int: 16    God:
Gold:   4          SH:  0    Dex: 15    Spells: 5/5 levels left

rFire   . . .      SeeInvis .   a - +1 dagger
rCold   . . .      Faith    .   (no shield)
rNeg    . . .      Spirit   .   b - +0 robe
rPois   +          Reflect  .   (no helmet)
rElec   .          Harm     .   (no cloak)
rCorr   .          Rampage  .   (no gloves)
Will    .....                   (no boots)
Stlth   ++++......              (no amulet)
HPRegen 0.05/turn               f - ring of poison resistance
MPRegen 0.09/turn               (no ring)

@: no status effects
A: small, no large weapons, nightstalker 3
a: no special abilities


You were on level 1 of the Dungeon.
You visited 1 branch of the dungeon, and saw 1 of its levels.

You collected 4 gold pieces.

Inventory:

Hand Weapons
 a - a +1 dagger (weapon)
Missiles
 d - a throwing net (quivered)
Armour
 b - a +0 robe (worn)
Jewellery
 f - a ring of poison resistance (left hand)
Scrolls
 e - a scroll of noise {unknown}
 h - a scroll of enchant weapon {unknown}
Potions
 c - 3 potions of invisibility
 g - a potion of resistance {unknown}
 i - a potion of curing {unknown}


   Skills:
 + Level 1.8 Short Blades
 + Level 2.6 Dodging
 + Level 4.2 Stealth
 + Level 2.3 Spellcasting
 + Level 3.1 Hexes


You had 5 spell levels left.
You didn't know any spells.
Your spell library contained the following spells:

 Spells                   Type           Power      Damage    Failure   Level
 Ensorcelled Hibernation  Hex/Ice        12%        N/A       16%         2
 Confusing Touch          Hex            11%        N/A       17%         3
 Tukima's Dance           Hex            11%        N/A       17%         3
 Sandblast                Erth           2%         2d4       21%         1
 Passwall                 Tmut/Erth      0%         N/A       30%         2
 Dazzling Flash           Conj/Hex       12%        N/A       32%         3
 Stone Arrow              Conj/Erth      2%         3d7       52%         3


Dungeon Overview and Level Annotations

Branches:
Dungeon (1/15)

Altars:


Innate Abilities, Weirdness & Mutations

You are small and have problems with some larger weapons.
You are completely attuned to the shadows.


Message History

The kobold completely misses you.
You hit the kobold.
The kobold is severely wounded.
The kobold hits you with a +0 whip.
* * * LOW HITPOINT WARNING * * *
You hit the kobold.
You kill the kobold!
You closely miss the goblin. The goblin barely misses you.
You barely miss the goblin. You hit the goblin.
The goblin is moderately wounded.
The goblin hits you with a +0 club.
* * * LOW HITPOINT WARNING * * *
You hit the goblin but do no damage.
The goblin is moderately wounded.
The goblin hits you but does no damage.
You completely miss the goblin.
The goblin is moderately wounded.
The goblin closely misses you.
A jackal comes into view.
You closely miss the goblin.
The goblin is moderately wounded.
The goblin barely misses you.
The jackal barks!
You hit the goblin.
You kill the goblin!
You hear a bark!
You closely miss the jackal. The jackal misses you.
You barely miss the jackal. The jackal closely misses you.
You hit the jackal.
The jackal is moderately wounded.
The jackal barely misses you. The jackal bites you.
* * * LOW HITPOINT WARNING * * *
You hit the jackal.
The jackal is heavily wounded.
The jackal completely misses you.
You hit the jackal.
The jackal is severely wounded.
The jackal bites you.
You die...

######.#
#......#
#.###### #.#
#.# . #.# ..
#.#
...#######.#
...)..h@...#
############


You could see a jackal.

Vanquished Creatures
  An endoplasm (D:1)
  3 goblins (D:1)
  A hobgoblin (D:1)
  A kobold (D:1)
  2 bats (D:1)
  2 frilled lizards (D:1)
10 creatures vanquished.

Notes
Turn   | Place    | Note
-------+----------+-------------------------------------------
     0 | D:1      | zishaf the Kobold Enchanter began the quest for the Orb.
     0 | D:1      | Reached XP level 1. HP: 10/10 MP: 3/3
   261 | D:1      | Reached XP level 2. HP: 5/15 MP: 5/5
   284 | D:1      | Slain by a jackal

Illustrated notes

Levels and vault maps discovered:
D:1:      roderic_chinese_lattice_arrival, layout_basic

Action                   || total
-------------------------++-------
Melee: Dagger            ||    40
 Stab: Sleeping          ||     4
Armor: Robe              ||     5
Dodge: Dodged            ||    25

Table legend: (Time is in decaauts)
 A = Elapsed time spent in this place.
 B = Non-inter-level travel time spent in this place.
 C = Inter-level travel time spent in this place.
 D = Time resting spent in this place.
 E = Time spent auto-exploring this place.
 F = Levels seen in this place.
 G = Mean time per level.
                   A        B        C        D        E       F      G
               +--------+--------+--------+--------+--------+-----+--------+
         Total |    280 |    280 |      0 |      0 |    203 |   1 |  280.0 |
       Dungeon |    280 |    280 |      0 |      0 |    203 |   1 |  280.0 |
               +--------+--------+--------+--------+--------+-----+--------+

Top non-repeatable levels by time:
     D:1: 280 daAuts
